 Dungeon Sprint DCSS version 0.30-a0-949-g53dc5368d7 (webtiles) character file.

Game seed: 7684005983282006755

24311 testman the Peltast (level 13, -22/120 HPs)
             Began as a Formicid Fighter on Mar 27, 2023.
             Was the Champion of Qazlal.
             Shot with an arrow by a deep elf master archer (30 damage)
             ... in the Dungeon (Sprint V: "Ziggurat Sprint").
             The game lasted 00:11:27 (919 turns).

testman the Peltast (Formicid Fighter)               Turns: 919, Time: 00:11:28

Health: -22/120    AC: 29    Str: 41    XL:     13   Next: 41%
Magic:  20/25      EV:  4    Int:  8    God:    Qazlal [******]
Gold:   0          SH: 41    Dex: 13    Spells: 12/12 levels left

rFire   + . .      SeeInvis +    C - +10 dark maul {heavy}
rCold   . . .      Faith    .    A - +18 shield of the Gong {Loud rN+ Will+ rCorr EV-5}
rNeg    + + .      Spirit   .    B - +15 Maxwell's patent armour {-Cast -Tele rElec Will+ rCorr}
rPois   .          Reflect  .    (helmet unavailable)
rElec   +          Rampage  +    (no cloak)
rCorr   +          NoCast   +    Q - +1 pair of gloves {Stlth+}
Will    +++..                    L - +1 pair of boots {rampage} Stlth
                                 N - amulet of Zasuwar {RegenMP rF+ rN+ Regen+ Str+3}
HPRegen 1.20/turn                x - +6 ring of strength
MPRegen 0.59/turn                b - ring of Nuwaympi {rElec Str+6}

@: protected from physical damage, corroded, repel missiles
A: permanent stasis, dig shafts and tunnels, antennae 3, four strong arms
a: Dig, Renounce Religion, Upheaval, Elemental Force, Disaster Area


You were in the Dungeon.
You worshipped Qazlal.
Qazlal was exalted by your worship.
You visited 1 branch

Inventory:

Hand Weapons
 C - the +10 dark maul (weapon) {heavy}
   (You found it in the Dungeon)
 D - the +7 great mace "Firestarter" {flame, inner flame, rFlCloud rF++}
   (You found it in the Dungeon)

   rFlCloud:  It grants immunity to clouds of flame.
   rF:        It greatly protects you from fire.
Armour
 A - the +18 shield of the Gong (worn) {Loud rN+ Will+ rCorr EV-5}
   (You found it in the Dungeon)

   Loud:      It is deafeningly noisy when blocking attacks.
   EV:        It affects your evasion (-5).
   rN:        It protects you from negative energy.
   rCorr:     It protects you from acid and corrosion.
   Will:      It increases your willpower.
 B - the +15 Maxwell's patent armour (worn) {-Cast -Tele rElec Will+ rCorr}
   (You found it in the Dungeon)

   rElec:     It insulates you from electricity.
   -Cast:     It prevents spellcasting.
   -Tele:     It prevents most forms of teleportation.
   rCorr:     It protects you from acid and corrosion.
   Will:      It increases your willpower.
 E - +5 fire dragon scales
 L - a +1 pair of boots of rampaging (worn)
 Q - a +1 pair of gloves of stealth (worn)
Jewellery
 a - the ring of Dafus {rElec rCorr EV+5 Str+4 Slay-6}
   (You found it in the Dungeon)

   [ring of evasion]

   EV:        It affects your evasion (+5).
   Str:       It affects your strength (+4).
   Slay:      It affects your accuracy & damage with ranged weapons and melee
   (-6).
   rElec:     It insulates you from electricity.
   rCorr:     It protects you from acid and corrosion.
 b - the ring of Nuwaympi (right hand) {rElec Str+6}
   (You found it in the Dungeon)

   [ring of strength]

   Str:       It affects your strength (+6).
   rElec:     It insulates you from electricity.
 c - an amulet of faith
 l - an amulet of reflection
 s - a ring of flight
 t - the ring of Mirth {Ice Will+ rCorr Str+3}
   (You found it in the Dungeon)

   [ring of ice]

   It enhances your ice magic.
   Str:       It affects your strength (+3).
   rF:        It makes you vulnerable to fire.
   rC:        It protects you from cold.
   rCorr:     It protects you from acid and corrosion.
   Will:      It increases your willpower.
 u - a ring of resist corrosion
 v - a +6 ring of intelligence
 w - a +6 ring of intelligence
 x - a +6 ring of strength (left hand)
 F - a ring of protection from fire
 G - a ring of willpower
 J - a +5 ring of evasion
 K - the ring "Iqobiynu" {rElec rF- rN+ Int+6 Dex+4}
   (You found it in the Dungeon)

   [ring of intelligence]

   Int:       It affects your intelligence (+6).
   Dex:       It affects your dexterity (+4).
   rF:        It makes you vulnerable to fire.
   rElec:     It insulates you from electricity.
   rN:        It protects you from negative energy.
 N - the amulet of Zasuwar (around neck) {RegenMP rF+ rN+ Regen+ Str+3}
   (You found it in the Dungeon)

   [amulet of magic regeneration]

   It increases your rate of magic regeneration.
   Str:       It affects your strength (+3).
   rF:        It protects you from fire.
   rN:        It protects you from negative energy.
   Regen:     It increases your rate of health regeneration.
Wands
 q - a wand of mindburst (7)
 r - a wand of light (7)
Scrolls
 h - 4 scrolls of blinking
 m - 4 scrolls of amnesia
 n - 9 scrolls of fog
 o - 5 scrolls of identify
 p - 2 scrolls of fear
 H - 2 scrolls of brand weapon
Potions
 d - 6 potions of might
 e - 10 potions of curing
 f - 10 potions of heal wounds
 g - 7 potions of magic
 i - 2 potions of brilliance
 j - 2 potions of invisibility
 k - 4 potions of resistance
Miscellaneous
 z - a lightning rod (4/4)
 I - a phial of floods
 O - a tin of tremorstones (2/2)
 P - a piece from Xom's chessboard (15/15)


   Skills:
 + Level 17.1 Fighting
 + Level 15.6 Maces & Flails
 + Level 17.1 Armour
 + Level 20.0 Shields
 + Level 17.7 Invocations


You had 12 spell levels left.
You didn't know any spells.
Your spell library contained the following spells:

 Spells                   Type           Power      Damage    Failure   Level
 Sting                    Tmut/Pois      0%         1d3       87%         1
 Scorch                   Fire           0%         2d5       95%         2
 Dazzling Flash           Conj/Hex       0%         N/A       99%         3
 Ignite Poison            Fire/Tmut/Pois 0%         N/A       99%         3
 Ozocubu's Armour         Ice            0%         N/A       99%         3
 Anguish                  Hex/Necr       0%         N/A       100%        4
 Animate Dead             Necr           0%         N/A       100%        4
 Flame Wave               Conj/Fire      0%         2d4       100%        4
 Iskenderun's Mystic Bla  Conj/Tloc      0%         2d3       100%        4
 Sticky Flame             Conj/Fire      0%         2d3       100%        4
 Borgnjor's Vile Clutch   Necr/Erth      0%         N/A       100%        5
 Metabolic Englaciation   Hex/Ice        0%         N/A       100%        5
 Yara's Violent Unravell  Hex/Tmut       0%         3d3       100%        5
 Death Channel            Necr           0%         N/A       100%        6
 Simulacrum               Ice/Necr       0%         N/A       100%        6
 Starburst                Conj/Fire      0%         6d3       100%        6
 Summon Cactus Giant      Summ           0%         N/A       100%        6
 Dragon Form              Tmut           0%         N/A       100%        7
 Enfeeble                 Hex            0%         N/A       100%        7
 Discord                  Hex            0%         N/A       100%        8
 Ignition                 Fire           0%         3d3       100%        8


Dungeon Overview and Level Annotations

Branches:
Dungeon (1/1)

Altars:
Ashenzari
Cheibriados
Dithmenos
Elyvilon
Fedhas
Gozag
Hepliaklqana
Kikubaaqudgha
Makhleb
Nemelex Xobeh
Okawaru
Qazlal
Ru
Sif Muna
Trog
Uskayaw
Vehumet
Wu Jian
Xom
Yredelemnul
Zin
The Shining One
Jiyva
Lugonu

Annotations:
D 1 transporter


Innate Abilities, Weirdness & Mutations

You cannot be hasted, slowed, berserked, paralysed or teleported.
You can dig through walls and to a lower floor.
You have a pair of large antennae on your head. (SInv)
Your four strong arms can wield two-handed weapons with a shield.


Message History

The bolt of acid hits you! You resist. The acid corrodes you!
The deep elf master archer shoots an arrow.
The arrow hits you!
Your Shields skill increases to level 20!
You completely miss the deep elf blademaster.
The deep elf blademaster is heavily wounded.
You block the deep elf blademaster's attack.
PTOANNNG!
You block the deep elf blademaster's attack.
GONNNNG!
You block the +2 halberd of freezing's attack.
GONNNNG!
The deep elf sorcerer points at you and mumbles some strange words.
You resist with almost no effort.
The deep elf blademaster hits you but does no damage. x2
You block the +2 halberd of freezing's attack.
PANG!
The deep elf master archer shoots an arrow.
The arrow hits you but does no damage.
The deep elf sorcerer gestures at you while chanting.
The bolt of acid hits you! You resist. The acid corrodes you!
The deep elf blademaster hits you but does no damage.
You block the deep elf blademaster's attack.
BOUMMMMG!
The deep elf master archer shoots an arrow.
The arrow hits you!!
The +2 halberd of freezing hits you but does no damage.
The deep elf master archer shoots an arrow.
The arrow hits you.
* * * LOW HITPOINT WARNING * * *
The deep elf blademaster barely misses you.
The deep elf blademaster hits you with a +0 short sword!!
* * * LOW HITPOINT WARNING * * *
The deep elf master archer shoots an arrow.
The arrow hits you.
* * * LOW HITPOINT WARNING * * *
The +2 halberd of freezing hits you but does no damage.
The deep elf master archer shoots an arrow.
The arrow hits you!!
You die...

▓.....†...▓
▓▓▓▓▓▓▓▓▓▓▓▓▓.▓...†.▓.▓
▓..=.8©8....▓....©....▓
▓..}.))|)[..▓▓▓▓▓▓▓▓▓▓▓
▓.≈e≈))})...▓...8©8...▓
▓..≈).).)...▓...).....▓
▓...)§(§e...▓...)[.)..▓
▓....§e.☼...▓.....)...▓
▓...°.@.○...▓.........▓
▓..▓☼§○..▓..▓.........▓
▓.▓○°☼▓.▓ ▓.........▓
▓..▓.....▓..▓.▓.....▓.▓
▓.....©.....▓....©....▓
▓▓▓▓▓▓▓▓▓▓▓▓▓▓▓▓▓▓▓▓▓▓▓
▓...8©8...▓...8©8.).▓..
▓..)))[)..▓..)=)})..▓..
▓.....}...▓..)))†[..▓..


You could see a deep elf blademaster, a deep elf master archer, a deep elf
sorcerer (fast, empowered) and a +2 halberd of freezing.

Vanquished Creatures
  A deep elf blademaster (D)
  A frost giant (D)
  A green draconian (D)
  3 deep elf annihilators (D)
  2 yellow draconians (D)
  2 deep elf high priests (D)
  5 two-headed ogres (D)
  A dancing weapon (D)
  3 deep elf knights (D)
  A deep elf archer (D)
  A deep elf zephyrmancer (D)
  2 deep elf pyromancers (D)
  12 draconians (D)
  A shining eye (D)
  A cyclops (D)
  4 toenail golems (D)
  A komodo dragon (D)
  2 rime drakes (D)
  2 trolls (D)
  A blink frog (shapeshifter) (D)
  2 slime creatures (D)
  2 basilisks (D)
  A steam dragon (D)
  A fire elemental (D)
  A hell hound (D)
  A floating eye (D)
  A swamp drake (D)
  2 wolves (D)
  2 ogres (D)
  A bullfrog (D)
  7 earth elementals (D)
  3 jellies (D)
  An orc priest (D)
  An iguana (D)
  3 orc wizards (D)
  5 river rats (D)
  A bat zombie (D)
  An endoplasm (D)
83 creatures vanquished.

Notes
Turn   | Place    | Note
-------+----------+-------------------------------------------
     0 | D        | testman the Formicid Fighter began the quest for the Orb.
     0 | D        | Reached XP level 1. HP: 18/18 MP: 1/1
     0 | D        | Found a shimmering blue altar of Sif Muna.
     0 | D        | Found a sacrificial altar of Ru.
     0 | D        | Found a bloodstained altar of Trog.
     0 | D        | Found a stormy altar of Qazlal.
     0 | D        | Found an iron altar of Okawaru.
     0 | D        | Found a sparkling altar of Nemelex Xobeh.
     0 | D        | Found a blossoming altar of Fedhas.
     0 | D        | Found the +6 Majin-Bo {spellvamp, MP+6 Int+6}
     0 | D        | Found the +27 heavy crossbow "Sniper" {heavy, Acc+∞ SInv}
     0 | D        | Found the +10 dark maul {heavy}
     0 | D        | Found the +15 Maxwell's patent armour {-Cast -Tele rElec
                  | Will+ rCorr}
     0 | D        | Found the +18 shield of the Gong {Loud rN+ Will+ rCorr
                  | EV-5}
     0 | D        | Found the +16 obsidian axe {drain, demonic, Mesm Drain Fly
                  | SInv}
     0 | D        | Found the +7 great mace "Firestarter" {flame, inner flame,
                  | rFlCloud rF++}
     0 | D        | Found the +6 shillelagh "Devastator" {shatter}
     0 | D        | Found the +11 plutonium sword {Contam Stlth-}
     0 | D        | Found the +8 lance "Wyrmbane" {slay drac, rPois rF+ rC+
                  | AC+3}
     0 | D        | Found the +9 sword of Zonguldrok {reap}
     0 | D        | Found the +13 scythe of Curses {drain, curses, Drain}
     0 | D        | Found the +9 sword of Power {lifebolt}
     0 | D        | Found the +7 mace of Variability {chaos, chain chaos}
     0 | D        | Found the +11 Singing Sword {sonic wave}
     0 | D        | Found the +8 storm bow {elec, penet}
     2 | D        | Found a transporter.
     2 | D        | Found an ancient bone altar of Kikubaaqudgha.
     2 | D        | Found a viscous altar of Jiyva.
     2 | D        | Found a corrupted altar of Lugonu.
     2 | D        | Found a hazy altar of Hepliaklqana.
     2 | D        | Found a burning altar of Makhleb.
     2 | D        | Found an opulent altar of Gozag.
    46 | D        | Became a worshipper of Qazlal Stormbringer
    77 | D        | Reached skill level 5 in Fighting
    77 | D        | Reached skill level 5 in Armour
    77 | D        | Reached skill level 6 in Shields
    77 | D        | Reached XP level 2. HP: 27/27 MP: 2/2
    87 | D        | Entered arena 2.
    87 | D        | Noticed a hell hound
    87 | D        | Found a transporter.
    90 | D        | Killed a hell hound
    91 | D        | Reached skill level 5 in Maces & Flails
    91 | D        | Reached skill level 7 in Shields
    91 | D        | Reached XP level 3. HP: 35/35 MP: 2/5
    91 | D        | Reached XP level 4. HP: 41/41 MP: 2/6
    91 | D        | Reached XP level 5. HP: 47/47 MP: 2/7
   141 | D        | Entered arena 3.
   141 | D        | Noticed a draconian
   141 | D        | Noticed a draconian
   141 | D        | Noticed a draconian
   141 | D        | Found a transporter.
   146 | D        | Killed a draconian
   146 | D        | Reached * piety under Qazlal
   147 | D        | Reached skill level 10 in Shields
   147 | D        | Reached XP level 6. HP: 53/57 MP: 7/11
   147 | D        | Reached XP level 7. HP: 59/63 MP: 7/12
   149 | D        | Killed a draconian
   150 | D        | Reached skill level 11 in Shields
   150 | D        | Reached XP level 8. HP: 68/71 MP: 7/14
   152 | D        | Killed a draconian
   210 | D        | Entered arena 4.
   210 | D        | Found a transporter.
   213 | D        | Reached ** piety under Qazlal
   217 | D        | Reached skill level 10 in Fighting
   217 | D        | Reached skill level 10 in Armour
   245 | D        | Entered arena 5.
   245 | D        | Noticed a rime drake
   245 | D        | Noticed a rime drake
   245 | D        | Found a transporter.
   247 | D        | Killed a rime drake
   247 | D        | Reached *** piety under Qazlal
   248 | D        | Reached skill level 12 in Shields
   248 | D        | Reached XP level 9. HP: 79/79 MP: 14/16
   257 | D        | Killed a rime drake
   258 | D        | Reached skill level 10 in Invocations
   265 | D        | Entered arena 6.
   265 | D        | Found a transporter.
   267 | D        | Reached **** piety under Qazlal
   274 | D        | Reached skill level 13 in Shields
   275 | D        | Reached ***** piety under Qazlal
   303 | D        | Entered arena 7.
   303 | D        | Noticed a draconian
   303 | D        | Noticed a draconian
   303 | D        | Noticed a draconian
   303 | D        | Noticed a yellow draconian
   303 | D        | Noticed a yellow draconian
   303 | D        | Noticed a draconian
   304 | D        | Found a transporter.
   307 | D        | Killed a draconian
   308 | D        | Reached skill level 10 in Maces & Flails
   308 | D        | Killed a draconian
   309 | D        | Reached XP level 10. HP: 78/88 MP: 16/18
   309 | D        | Killed a draconian
   310 | D        | Killed a yellow draconian
   311 | D        | Reached skill level 14 in Shields
   311 | D        | Killed a draconian
   313 | D        | Killed a yellow draconian
   314 | D        | Reached skill level 15 in Shields
   388 | D        | Got the Volume of Unlucky Transmigration
   397 | D        | Entered arena 8.
   397 | D        | Noticed a green draconian
   397 | D        | Noticed a draconian
   397 | D        | Noticed a draconian
   397 | D        | Noticed a draconian
   397 | D        | Noticed a draconian
   397 | D        | Noticed a draconian
   398 | D        | Found a transporter.
   404 | D        | Killed a draconian
   406 | D        | Killed a draconian
   406 | D        | Killed a green draconian
   406 | D        | Reached ****** piety under Qazlal
   406 | D        | Killed a draconian
   407 | D        | Reached XP level 11. HP: 61/98 MP: 19/21
   408 | D        | Killed a draconian
   409 | D        | Reached skill level 16 in Shields
   409 | D        | Killed a draconian
   549 | D        | Entered arena 9.
   550 | D        | Found a transporter.
   618 | D        | Got the ring "Iqobiynu" {rElec rF- rN+ Int+6 Dex+4}
   622 | D        | Entered arena 10.
   622 | D        | Noticed a shining eye
   623 | D        | Killed a shining eye
   624 | D        | Found a transporter.
   688 | D        | Entered arena 11.
   688 | D        | Noticed a toenail golem
   688 | D        | Noticed a toenail golem
   688 | D        | Noticed a toenail golem
   688 | D        | Noticed a toenail golem
   689 | D        | Found a transporter.
   691 | D        | Killed a toenail golem
   691 | D        | Killed a toenail golem
   691 | D        | Killed a toenail golem
   691 | D        | Killed a toenail golem
   692 | D        | Reached skill level 17 in Shields
   794 | D        | Got the amulet of Zasuwar {RegenMP rF+ rN+ Regen+ Str+3}
   825 | D        | Entered arena 12.
   825 | D        | Noticed a deep elf high priest
   825 | D        | Noticed a deep elf annihilator
   825 | D        | Noticed a deep elf annihilator
   825 | D        | Noticed a deep elf knight
   826 | D        | Noticed a deep elf zephyrmancer
   826 | D        | Noticed a deep elf pyromancer
   826 | D        | Found a transporter.
   826 | D        | Noticed a deep elf knight
   827 | D        | Killed a deep elf pyromancer
   827 | D        | Killed a deep elf annihilator
   827 | D        | Killed a deep elf zephyrmancer
   827 | D        | Killed a deep elf high priest
   827 | D        | Killed a deep elf knight
   827 | D        | Killed a deep elf annihilator
   828 | D        | Reached skill level 15 in Fighting
   828 | D        | Reached skill level 15 in Armour
   828 | D        | Reached skill level 18 in Shields
   828 | D        | Reached skill level 15 in Invocations
   828 | D        | Reached XP level 12. HP: 94/110 MP: 14/23
   831 | D        | Killed a deep elf knight
   854 | D        | Got the ring of Dafus {rElec rCorr EV+5 Str+4 Slay-6}
   857 | D        | Got the ring of Nuwaympi {rElec Str+6}
   866 | D        | Entered arena 13.
   866 | D        | Noticed a two-headed ogre
   866 | D        | Noticed a two-headed ogre
   866 | D        | Noticed a two-headed ogre
   866 | D        | Noticed a two-headed ogre
   866 | D        | Noticed a two-headed ogre
   866 | D        | Noticed a frost giant
   867 | D        | Found a transporter.
   868 | D        | Killed a two-headed ogre
   868 | D        | Killed a two-headed ogre
   868 | D        | Killed a two-headed ogre
   868 | D        | Killed a two-headed ogre
   869 | D        | Killed a two-headed ogre
   870 | D        | Reached skill level 19 in Shields
   871 | D        | Killed a frost giant
   872 | D        | Reached XP level 13. HP: 91/119 MP: 20/25
   873 | D        | Reached skill level 15 in Maces & Flails
   905 | D        | Got the ring of Mirth {Ice Will+ rCorr Str+3}
   914 | D        | Entered arena 14.
   914 | D        | Noticed a deep elf master archer
   915 | D        | Noticed a deep elf blademaster
   915 | D        | Noticed a deep elf high priest
   915 | D        | Noticed a deep elf annihilator
   915 | D        | Noticed a deep elf blademaster
   915 | D        | Noticed a deep elf sorcerer
   916 | D        | Found a transporter.
   917 | D        | Killed a deep elf annihilator
   917 | D        | Killed a deep elf blademaster
   918 | D        | Killed a deep elf high priest
   919 | D        | Reached skill level 20 in Shields
   919 | D        | Shot with an arrow by a deep elf master archer

Illustrated notes

Levels and vault maps discovered:
D:        sprint_v [room_start, room_1, room_2, room_3, room_4, room_5, room_6,
          room_7, room_8, room_9, room_10, room_11, room_12, room_13, room_14,
          room_15, room_16, room_17, room_18, room_19, room_20, room_21,
          room_22, room_23, room_24, room_25, room_26, room_27]

Skill      XL: |  1  2  3  4  5  6  7  8  9 10 11 12 13 |
---------------+----------------------------------------+-----
Fighting       | 5 6 8 9 10 11 13 15 16 17 | 17.1
Maces & Flails | 4 5 7 8 9 10 12 14 15 | 15.6
Armour         | 5 6 8 9 10 11 13 15 16 17 | 17.1
Shields        | 6 7 10 11 12 13 15 18 19 20 | 20.0
Invocations    | 3 6 8 9 11 13 15 16 17 | 17.7

Action                     |  1- 3 |  4- 6 |  7- 9 | 10-12 | 13-15 || total
---------------------------+-------+-------+-------+-------+-------++-------
  Melee: Maul              |     1 |       |    13 |    11 |     3 ||    28
         Great mace        |       |     4 |    15 |    18 |       ||    37
 Invoke: Disaster Area     |       |       |       |     5 |     1 ||     6
         Upheaval          |       |       |       |     1 |       ||     1
    Use: Potion            |     1 |       |       |       |       ||     1
   Stab: Confused          |       |       |     1 |       |       ||     1
 Armour: Plate armour      |     4 |     6 |    27 |    14 |    11 ||    62
  Dodge: Dodged            |       |       |     3 |     4 |     3 ||    10
  Block: Kite shield       |     6 |    12 |    70 |    54 |    14 ||   156
         Reflection        |       |       |     3 |     1 |       ||     4

Table legend: (Time is in decaauts)
 A = Elapsed time spent in this place.
 B = Non-inter-level travel time spent in this place.
 C = Inter-level travel time spent in this place.
 D = Time resting spent in this place.
 E = Time spent auto-exploring this place.
 F = Levels seen in this place.
 G = Mean time per level.
                   A        B        C        D        E       F      G
               +--------+--------+--------+--------+--------+-----+--------+
         Total |    971 |    942 |     29 |     81 |    480 |   1 |  971.0 |
       Dungeon |    971 |    942 |     29 |     81 |    480 |   1 |  971.0 |
               +--------+--------+--------+--------+--------+-----+--------+

Top non-repeatable levels by time:
       D: 971 daAuts
